 Dungeon Crawl Stone Soup version 0.31-a0-167-g1c394c0614 (webtiles) character file.

Game seed: 6968077077435131688

1472 Anon1729 the Trooper (level 8, -2/73 HPs)
             Began as a Minotaur Monk on June 14, 2023.
             Was a Believer of Uskayaw.
             Slain by an orc warrior
             ... wielding a +0 glaive
              (12 damage)
             ... in a bailey.
             The game lasted 00:11:48 (5226 turns).

Anon1729 the Trooper (Minotaur Monk)                Turns: 5226, Time: 00:11:49

Health: -2/73      AC:  5    Str: 17    XL:     8   Next: 49%
Magic:  10/10      EV: 15    Int:  7    God:    Uskayaw [**....]
Gold:   371        SH:  0    Dex: 14    Spells: 7/7 levels left

rFire   . . .        v - +1 dagger (venom)
rCold   . . .        d - orb {light}
rNeg    + . .        b - +0 robe
rPois   .            (helmet restricted)
rElec   .            (no cloak)
rCorr   .            (no gloves)
SInv    .            n - +2 pair of boots
Will    .....        (no amulet)
Stlth   +            q - ring of positive energy
HPRegen 0.32/turn    (no ring)
MPRegen 0.12/turn

%: no passive effects
@: glowing
A: horns 2, retaliatory headbutt
a: Renounce Religion, Stomp, Line Pass


You were in a bailey.
You worshipped Uskayaw.
Uskayaw was noncommittal.
You visited 2 branches of the dungeon, and saw 8 of its levels.
You also visited: Bailey.

You collected 371 gold pieces.

Inventory:

Hand Weapons
 a - a +0 short sword
 v - a +1 dagger of venom (weapon)
Missiles
 x - a throwing net
Armour
 b - a +0 robe (worn)
 d - an orb of light (worn)
 n - a +2 pair of boots (worn)
Jewellery
 q - a ring of positive energy (left hand)
 r - a ring of protection from cold
 s - an amulet of guardian spirit
Wands
 y - a wand of flame (21)
 z - a wand of polymorph (6)
Scrolls
 f - 2 scrolls of fear {unknown}
 g - a scroll of blinking {unknown}
 k - a scroll of brand weapon {unknown}
 m - 5 scrolls of identify {unknown}
 o - a scroll of teleportation {unknown}
 p - 3 scrolls of enchant armour {unknown}
 t - a scroll of fog {unknown}
 w - 2 scrolls of amnesia {unknown}
 A - a scroll of revelation {unknown}
Potions
 c - a potion of ambrosia
 e - 5 potions of lignification {unknown}
 h - a potion of enlightenment {unknown}
 i - 2 potions of heal wounds {unknown}
 j - 4 potions of curing {unknown}
 l - a potion of might {unknown}
 u - a potion of attraction {unknown}


   Skills:
 + Level 7.3 Fighting
 + Level 6.6 Short Blades
 + Level 6.6 Dodging
 * Level 5.0 Invocations


You had 7 spell levels left.
You didn't know any spells.
Your spell library contained the following spells:

 Spells                   Type           Power      Damage    Failure   Level
 Kiss of Death            Conj/Necr      0%         2d5       43%         1
 Magic Dart               Conj           0%         1d3       43%         1
 Shock                    Conj/Air       0%         1d3       43%         1
 Summon Small Mammal      Summ           0%         N/A       43%         1
 Blink                    Tloc           0%         N/A       56%         2
 Call Imp                 Summ           0%         N/A       56%         2
 Lesser Beckoning         Tloc           0%         N/A       56%         2
 Momentum Strike          Conj/Tloc      0%         3d8       56%         2
 Sublimation of Blood     Necr           0%         N/A       56%         2
 Wereblood                Tmut           0%         N/A       56%         2
 Call Canine Familiar     Summ           0%         N/A       80%         3
 Confusing Touch          Hex            0%         N/A       80%         3
 Mephitic Cloud           Conj/Pois/Air  0%         N/A       80%         3
 Ozocubu's Armour         Ice            0%         N/A       80%         3
 Summon Guardian Golem    Hex/Summ       0%         N/A       80%         3
 Swiftness                Air            0%         N/A       80%         3
 Airstrike                Air            0%         2d(0-16)  99%         4
 Dispel Undead            Necr           0%         3d6       99%         4
 Metabolic Englaciation   Hex/Ice        0%         N/A       100%        5
 Simulacrum               Ice/Necr       0%         N/A       100%        6
 Summon Hydra             Summ           0%         N/A       100%        7


Dungeon Overview and Level Annotations

Branches:
Dungeon (7/15)             Temple (1/1) D:4          Bailey (1/1)

Altars:
Ashenzari
Cheibriados
Dithmenos
Fedhas
Gozag
Hepliaklqana
Kikubaaqudgha
Makhleb
Nemelex Xobeh
Okawaru
Qazlal
Ru
Sif Muna
Uskayaw
Wu Jian
Xom
Yredelemnul
Zin
The Shining One

Shops:
D:4 [


Innate Abilities, Weirdness & Mutations

You have a pair of horns on your head.
You reflexively headbutt those who attack you in melee.


Message History

You are too injured to fight recklessly!
You are too injured to fight recklessly!
You are too injured to fight recklessly!
You are too injured to fight recklessly!
You are too injured to fight recklessly!
You are too injured to fight recklessly!
You are too injured to fight recklessly!
You are too injured to fight recklessly!
You are too injured to fight recklessly!
You are too injured to fight recklessly!
You are too injured to fight recklessly!
You hit the orc warrior.
The orc warrior is moderately wounded.
The orc closely misses you. The orc warrior barely misses you. x2
You hit the orc warrior.
The orc warrior looks as sick as possible!
You headbutt the orc warrior, but do no damage.
The orc warrior is moderately wounded.
You hit the orc warrior but do no damage.
The orc warrior looks as sick as possible!
The orc warrior is moderately wounded.
The orc closely misses you.
The orc warrior hits you from afar with a +0 glaive!
The orc warrior hits you with a +0 halberd.
* * * LOW HITPOINT WARNING * * *
You hit the orc warrior.
The orc warrior looks as sick as possible!
The orc warrior is heavily wounded.
You can now pass through a line of other dancers.
You hit the orc warrior.
The orc warrior looks as sick as possible!
The orc warrior is heavily wounded.
The orc barely misses you. The orc warrior misses you.
The orc warrior closely misses you.
You barely miss the orc warrior.
The orc warrior is severely wounded.
The orc hits you from afar with a +0 halberd!
* * * LOW HITPOINT WARNING * * *
The orc warrior hits you from afar with a +0 glaive!
You die...

######## #######
...))..## ##.....##
..#))...######..@o...#
.###)...#....#..##...+
..8.)...'....'oo8....+
.###....#....#..##...+
..#.....######.......#
.......## ##.....##
######## #######


You could see 2 orc warriors and an orc.

Vanquished Creatures
  2 humans (D:7)
  Menkaure (D:5)
  A water moccasin (D:7)
  A sky beast (D:7)
  A gnoll sergeant (D:5)
  3 scorpions (D:5)
  2 hounds
  A gnoll bouda (D:5)
  4 orc priests
  3 iguanas
  3 orc wizards
  9 gnolls
  9 adders
  An ufetubus (D:5)
  A worm (D:2)
  A dart slug (D:2)
  23 orcs
  9 ball pythons
  3 bats
  11 endoplasms
  A giant cockroach (D:1)
  7 goblins
  9 hobgoblins
  3 quokkas
  3 frilled lizards (D:1)
  5 kobolds
  4 rats
121 creatures vanquished.

Notes
Turn   | Place    | Note
-------+----------+-------------------------------------------
     0 | D:1      | Anon1729 the Minotaur Monk began the quest for the Orb.
     0 | D:1      | Reached XP level 1. HP: 19/19 MP: 0/0
    14 | D:1      | Found a faded altar of an unknown god.
    15 | D:1      | Noticed a floating eye
    20 | D:1      | Noticed a golden eye
    24 | D:1      | Noticed a great orb of eyes
    24 | D:1      | Noticed a great orb of eyes
   489 | D:1      | Reached XP level 2. HP: 20/27 MP: 1/1
   616 | D:1      | Reached skill level 4 in Fighting
  1361 | D:2      | Reached XP level 3. HP: 30/33 MP: 2/2
  1752 | D:3      | Reached XP level 4. HP: 36/41 MP: 3/3
  1895 | D:3      | Reached skill level 5 in Fighting
  2123 | D:3      | Reached XP level 5. HP: 45/48 MP: 4/4
  2443 | D:3      | Found a sparkling altar of Nemelex Xobeh.
  2446 | D:3      | Found an ornate altar of the Wu Jian Council.
  2628 | D:4      | Identified the staff of fire "Juonucax" {rF+ Int+4 Stlth+}
  2850 | D:4      | Found a glowing golden altar of the Shining One.
  2876 | D:4      | Found Zakkisu's Armour Shoppe.
  2913 | D:4      | Found a burning altar of Makhleb.
  2921 | D:4      | Reached skill level 5 in Short Blades
  2921 | D:4      | Reached skill level 5 in Dodging
  2933 | D:4      | Reached XP level 6. HP: 8/57 MP: 5/5
  3272 | D:4      | Found a staircase to the Ecumenical Temple.
  3495 | Temple   | Entered the Ecumenical Temple
  3708 | Temple   | Became a worshipper of Uskayaw the Reveller
  3708 | Temple   | Reached * piety under Uskayaw
  3741 | D:5      | Entered Level 5 of the Dungeon
  3749 | D:5      | Reached ** piety under Uskayaw
  3752 | D:5      | Reached *** piety under Uskayaw
  3754 | D:5      | Reached skill level 6 in Fighting
  3756 | D:5      | Reached **** piety under Uskayaw
  3762 | D:5      | Reached skill level 1 in Invocations
  3988 | D:5      | Reached XP level 7. HP: 36/63 MP: 7/7
  4002 | D:5      | Reached ***** piety under Uskayaw
  4076 | D:5      | Noticed Menkaure
  4083 | D:5      | Killed Menkaure
  4585 | D:5      | Found a stormy altar of Qazlal.
  4704 | D:6      | Noticed a steam dragon
  4716 | D:7      | Reached XP level 8. HP: 39/71 MP: 9/9
  4717 | D:7      | Found a flagged portal.
  4743 | D:7      | Reached skill level 7 in Fighting
  4964 | D:7      | Found an iron altar of Okawaru.
  4990 | D:7      | Reached skill level 5 in Invocations
  5129 | Bailey   | Entered a bailey
  5226 | Bailey   | Slain by an orc warrior

Illustrated notes

Levels and vault maps discovered:
D:1:      dpeg_arrival_short_road, layout_loops_corners,
          hellmonk_ecumenical_altar_watching_god
D:2:      layout_loops_ring, supply_closet_lemuel
D:3:      layout_rooms, nicolae_overflow_hidden_temple
D:4:      layout_cave_pools, tso_oasis_becter, bloody_makhleb,
          minmay_temple_entry_offerings, serial_shops, shop, nicolae_half_adder
D:5:      layout_cave_pools, lemuel_crystal_altar, uniq_menkaure
D:6:      kennysheep_spiral_hall, layout_rooms
D:7:      layout_cave_pools, okawaru_humans, enter_bailey_2, grunt_ministairs_7,
          kennysheep_minor_cross, sigmund_edmund_badplayer
Temple:   nicolae_temple_figure_eight
Bailey:   bailey_polearm_5, bailey

Skill      XL: |  1  2  3  4  5  6  7  8 |
---------------+-------------------------+-----
Fighting       | 4 5 6 7 |  7.3
Short Blades   | 4 5 6 |  6.6
Dodging        | 4 5 6 |  6.6
Invocations    | 1 3 5 |  5.0

Action                     |  1- 3 |  4- 6 |  7- 9 || total
---------------------------+-------+-------+-------++-------
  Melee: Short sword       |    87 |   130 |       ||   217
         Headbutt          |    18 |    46 |    31 ||    95
         Dagger            |       |    39 |   104 ||   143
   Stab: Paralysed         |       |     1 |     2 ||     3
 Armour: Robe              |     6 |    31 |    14 ||    51
  Dodge: Dodged            |    54 |   140 |    80 ||   274

Table legend: (Time is in decaauts)
 A = Elapsed time spent in this place.
 B = Non-inter-level travel time spent in this place.
 C = Inter-level travel time spent in this place.
 D = Time resting spent in this place.
 E = Time spent auto-exploring this place.
 F = Levels seen in this place.
 G = Mean time per level.
                   A        B        C        D        E       F      G
               +--------+--------+--------+--------+--------+-----+--------+
         Total |   5138 |   4873 |    265 |    559 |   3532 |   9 |  570.9 |
       Dungeon |   4813 |   4588 |    225 |    559 |   3276 |   7 |  687.6 |
        Temple |    234 |    194 |     40 |      0 |    192 |   1 |  234.0 |
        Bailey |     90 |     90 |      0 |      0 |     64 |   1 |   90.0 |
               +--------+--------+--------+--------+--------+-----+--------+

Top non-repeatable levels by time:
     D:4: 1096 daAuts
     D:1: 872 daAuts
     D:2: 846 daAuts
     D:3: 812 daAuts
     D:5: 775 daAuts
     D:7: 406 daAuts
  Temple: 234 daAuts
  Bailey: 90 daAuts
     D:6: 5 daAuts
